 Dungeon Crawl Stone Soup version 0.31-a0-978-g1e143483b6 (webtiles) character file.

Game seed: 5498449386308254421

10558 Turgor the Mimic (level 11, -3/142 HPs)
             Began as a Purple Draconian Shapeshifter on Oct 27, 2023.
             Was a Believer of Wu Jian.
             Slain by a tengu warrior
             ... wielding a +2 battleaxe of electrocution
              (14 damage)
             ... on level 10 of the Dungeon on Oct 30, 2023.
             The game lasted 00:47:05 (9787 turns).

Turgor the Mimic (Purple Draconian Shapeshifter)    Turns: 9787, Time: 00:47:06

Health: -3/142     AC: 25    Str: 17    XL:     11   Next: 37%
Magic:  11/11      EV:  2    Int: 11    God:    Wu Jian [**....]
Gold:   327        SH:  5    Dex: 14    Spells: 10/10 levels left

rFire   . .          .
                       - Unarmed
rCold   . . .        (no shield)
rNeg    . . .        (body armour unavailable)
rPois   +            y - melded +1 hat
rElec   .            (cloak currently unavailable)
rCorr   .            (gloves currently unavailable)
SInv    .            m - melded +0 pair of boots
Will    +....        j - amulet of reflection
Stlth   +            d - +5 ring of evasion
HPRegen 0.43/turn    q - ring of poison resistance
MPRegen 0.12/turn

%: reflection
@: mighty, tree-form
A: stationary, stasis, torment immunity, boosted hp, (breathe power), AC +7,
unfitting armour, (cold-blooded)
a: Renounce Religion, Wall Jump


You were on level 10 of the Dungeon.
You worshipped Wu Jian.
Wu Jian was pleased with you.
You were a tree.
You visited 2 branches of the dungeon, and saw 11 of its levels.

You collected 511 gold pieces.
You spent 184 gold pieces at shops.

Inventory:

Missiles
 n - 7 curare-tipped darts (quivered)
Armour
 m - a +0 pair of boots (melded)
 y - a +1 hat (melded)
Jewellery
 a - an amulet of faith
 d - a +5 ring of evasion (left branch)
 h - a +4 ring of protection
 j - an amulet of reflection (around neck)
 q - a ring of poison resistance (right branch)
 C - a ring of protection from cold
Talismans
 b - a beast talisman
 c - a flux talisman
 B - a maw talisman (active)
Wands
 i - a wand of polymorph (17)
 v - a wand of flame (10)
 A - a wand of digging (8)
 E - a wand of light (2)
 G - a wand of charming (1)
Scrolls
 e - 3 scrolls of vulnerability
 g - 2 scrolls of identify
 k - 2 scrolls of blinking {unknown}
 o - 4 scrolls of immolation
 r - 5 scrolls of enchant weapon
 t - a scroll of enchant armour {unknown}
 u - 3 scrolls of teleportation {unknown}
 z - 2 scrolls of noise {unknown}
 D - a scroll of fog
Potions
 l - 3 potions of cancellation
 p - a potion of might
 s - a potion of resistance {unknown}
 w - a potion of enlightenment {unknown}
 x - 3 potions of curing


   Skills:
 + Level 8.9 Fighting
 + Level 7.6 Dodging
 + Level 8.7 Unarmed Combat
 * Level 11.0 Shapeshifting


You had 10 spell levels left.
You didn't know any spells.
Your spell library contained the following spells:

 Spells                   Type           Power      Damage    Failure   Level
 Ensorcelled Hibernation  Hex/Ice        0%         N/A       47%         2
 Jinxbite                 Hex            0%         N/A       47%         2
 Anguish                  Hex/Necr       0%         N/A       98%         4
 Haunt                    Necr/Summ      0%         N/A       100%        7
 Borgnjor's Revivificati  Necr           0%         N/A       100%        8
 Death's Door             Necr           0%         N/A       100%        9


Dungeon Overview and Level Annotations

Branches:
Dungeon (10/15)            Temple (1/1) D:7            Lair (0/5) D:8
    Orc: D:9-12

Altars:
Ashenzari
Cheibriados
Dithmenos
Elyvilon
Fedhas
Gozag
Hepliaklqana
Kikubaaqudgha
Makhleb
Nemelex Xobeh
Okawaru
Qazlal
Ru
Sif Muna
Trog
Uskayaw
Vehumet
Wu Jian
Xom
Yredelemnul
Zin
The Shining One

Shops:
D:1 *   D:5 =   D:8 **

Annotations:
Temple 2 transporters


Innate Abilities, Weirdness & Mutations

You are a tree.
Your roots penetrate the ground, keeping you stationary.
You cannot be teleported.
You are immune to unholy pain and torment.
Your maximum health is greatly increased.
Your equipment is partially melded.
((You can breathe bolts of dispelling energy.))
((Your rich purple scales are hard. (AC +7)))
You cannot fit into any form of body armour.
((You are cold-blooded and may be slowed by cold attacks.))


Message History

You feel much better.
The tengu warrior hits you with a +2 battleaxe of electrocution!!
You are electrocuted!
* * * LOW HITPOINT WARNING * * *
The tengu warrior pecks you but does no damage.
The tengu warrior closely misses you.
Your transformation has ended.
You turn into a tree.
Your +1 hat melds into your body.
Your +0 pair of boots melds into your body.
Your roots penetrate the ground.
The tengu warrior hits you with a +2 battleaxe of electrocution.
* * * LOW HITPOINT WARNING * * *
You block the tengu warrior's attack. The tengu warrior claws you.
* * * LOW HITPOINT WARNING * * *
You barely miss the tengu warrior.
The tengu warrior is moderately wounded.
You miss the tengu warrior.
The tengu warrior is moderately wounded.
The tengu warrior hits you with a +2 battleaxe of electrocution.
* * * LOW HITPOINT WARNING * * *
You block the tengu warrior's attack.
The tengu warrior claws you but does no damage.
You smack the tengu warrior!
Your punch misses the tengu warrior.
The tengu warrior is heavily wounded.
The tengu warrior hits you with a +2 battleaxe of electrocution.
* * * LOW HITPOINT WARNING * * *
You are electrocuted!
* * * LOW HITPOINT WARNING * * *
The tengu warrior pecks you but does no damage.
The tengu warrior claws you but does no damage.
You pummel the tengu warrior!!
The tengu warrior is almost dead.
The tengu warrior completely misses you.
You block the tengu warrior's attack.
The tengu warrior claws you but does no damage.
You barely miss the tengu warrior.
The tengu warrior is almost dead.
The tengu warrior hits you but does no damage.
You are electrocuted!
You die...

#..........
#.......####
#..####.# #..# #.+
#..# #.# ######..#
#.# #(......# #.#
##.####..####.#
#♣Q.# #...$...####
#..#.# #........>#.
#....# #.........#.
####.....###.....#.
...8.# #####.#.
.....+##(....#.
.... ......!.'.
.....+##..####.
#..#....


You could see a tengu warrior.

Vanquished Creatures
  Snorg (D:10)
  2 two-headed ogres
  Erica (D:8)
  3 komodo dragons
  2 trolls (D:10)
  A hornet (D:7)
  Grinder (D:6)
  A wraith (D:9)
  9 yaks
  3 wyverns
  Eustachio (D:5)
  A steam dragon (D:8)
  A vampire mosquito (D:9)
  2 acid dragons (D:9)
  Duvessa (D:5)
  A water moccasin (D:8)
  3 orc warriors
  4 black bears
  2 ogres
  3 centaurs
  A kobold brigand (D:9)
  9 bullfrogs
  A scorpion (D:7)
  5 wights (D:7)
  Dowan (D:5)
  8 killer bees
  8 howler monkeys
  3 electric eels (D:8)
  3 lava snakes
  4 orc priests
  2 jellies
  A hound (D:5)
  A sleepcap (D:7)
  3 iguanas
  12 orc wizards
  10 adders
  A white imp (D:3)
  4 ufetubi
  2 worms
  5 dart slugs
  19 orcs
  A bat zombie (D:10)
  5 endoplasms
  3 giant cockroaches
  3 goblins
  9 hobgoblins
  15 kobolds
  A quokka (D:1)
  17 ball pythons
  5 bats
  A frilled lizard (D:1)
  8 rats
  A rat zombie (D:10)
215 creatures vanquished.

Vanquished Creatures (others)
  An orc wizard (D:6)
1 creature vanquished.

Grand Total: 216 creatures vanquished

Notes
Turn   | Place    | Note
-------+----------+-------------------------------------------
     0 | D:1      | Turgor the Draconian Shapeshifter began the quest for the
                  | Orb.
     0 | D:1      | Reached XP level 1. HP: 16/16 MP: 1/1
   152 | D:1      | Reached XP level 2. HP: 23/23 MP: 2/2
   472 | D:1      | Found Cearch's Assorted Antiques.
   480 | D:1      | Bought a scroll labelled ZOTTOWI NIERU for 20 gold pieces
   779 | D:2      | Reached XP level 3. HP: 28/29 MP: 3/3
   973 | D:2      | Found a faded altar of an unknown god.
  1318 | D:2      | Reached XP level 4. HP: 32/36 MP: 4/4
  1840 | D:3      | Reached skill level 4 in Shapeshifting
  1873 | D:3      | Reached XP level 5. HP: 37/42 MP: 5/5
  2565 | D:3      | Reached XP level 6. HP: 51/51 MP: 6/6
  2879 | D:4      | Upgraded the game from 0.31-a0-968-g24f9ace8b5 to
                  | 0.31-a0-978-g1e143483b6
  2974 | D:4      | Reached skill level 5 in Shapeshifting
  3052 | D:4      | Found a shadowy altar of Dithmenos.
  3107 | D:4      | Found a shimmering blue altar of Sif Muna.
  3308 | D:5      | Entered Level 5 of the Dungeon
  3417 | D:5      | Your scales start taking on a rich purple colour.
  3417 | D:5      | Reached XP level 7. HP: 42/57 MP: 7/7
  3589 | D:5      | Noticed Dowan
  3603 | D:5      | Killed Dowan
  3698 | D:5      | Found Donapum's Jewellery Emporium.
  4183 | D:5      | Reached skill level 5 in Unarmed Combat
  4183 | D:5      | Reached skill level 6 in Shapeshifting
  4234 | D:5      | Noticed Duvessa
  4252 | D:5      | Killed Duvessa
  4253 | D:5      | Reached XP level 8. HP: 35/67 MP: 8/8
  4482 | D:5      | Noticed Eustachio
  4494 | D:5      | Killed Eustachio
  4613 | D:6      | Noticed Grinder
  4635 | D:6      | Killed Grinder
  4636 | D:6      | Reached skill level 5 in Fighting
  4896 | D:6      | Reached skill level 7 in Shapeshifting
  5320 | D:7      | Reached skill level 5 in Dodging
  5388 | D:7      | Reached XP level 9. HP: 75/75 MP: 9/9
  5599 | D:7      | Reached skill level 8 in Shapeshifting
  5896 | D:7      | Found a staircase to the Ecumenical Temple.
  5902 | Temple   | Found a transporter.
  5902 | Temple   | Found a transporter.
  5902 | Temple   | Found a transporter.
  5902 | Temple   | Found a transporter.
  5902 | Temple   | Entered the Ecumenical Temple
  5917 | Temple   | Became a worshipper of the Wu Jian Council
  5970 | D:8      | Identified the "Zexkoh"
  5979 | D:8      | Found a radiant altar of Vehumet.
  5981 | D:8      | Found a broken altar of Ashenzari.
  6275 | D:1      | Bought a scroll labelled ZOTTOWI NIERU for 20 gold pieces
  6275 | D:1      | Bought a scratched silver ring for 100 gold pieces
  6521 | D:8      | Noticed a komodo dragon
  6642 | D:8      | Found Konno Liczal's Specific Store.
  6644 | D:8      | Found Anekhae's General Store.
  6647 | D:8      | Bought a scroll of fog for 44 gold pieces
  6658 | D:8      | Noticed a komodo dragon
  6701 | D:8      | Killed a komodo dragon
  6794 | D:8      | Killed a komodo dragon
  6830 | D:8      | Noticed Erica
  6832 | D:8      | Reached skill level 9 in Shapeshifting
  6832 | D:8      | Reached XP level 10. HP: 85/86 MP: 10/10
  6843 | D:8      | Killed Erica
  7027 | D:8      | Found a staircase to the Lair.
  7144 | D:8      | Reached * piety under Wu Jian
  7419 | D:8      | Found a snail-covered altar of Cheibriados.
  8218 | D:9      | Reached skill level 10 in Shapeshifting
  8431 | D:9      | Found a sparkling altar of Nemelex Xobeh.
  8436 | D:9      | Noticed a two-headed ogre
  8476 | D:9      | Killed a two-headed ogre
  8641 | D:9      | Reached XP level 11. HP: 75/95 MP: 11/11
  8644 | D:9      | Reached ** piety under Wu Jian
  8899 | D:10     | Entered Level 10 of the Dungeon
  9166 | D:10     | Noticed a two-headed ogre
  9181 | D:10     | Killed a two-headed ogre
  9274 | D:10     | Noticed Snorg
  9289 | D:10     | Killed Snorg
  9290 | D:10     | Reached skill level 11 in Shapeshifting
  9387 | D:10     | Noticed a tengu warrior
  9606 | D:10     | Found an ancient bone altar of Kikubaaqudgha.
  9787 | D:10     | Slain by a tengu warrior

Illustrated notes

Levels and vault maps discovered:
D:1:      kilobyte_arrival_exit_the_forest, layout_basic, serial_shops,
          nicolae_shop_hallway_stairs
D:2:      kb_forest_paths, layout_basic, basic_ecumenical_altar,
          minmay_door_square
D:3:      layout_loops_cross
D:4:      layout_loops_cross, lemuel_blue_sif_altar,
          nicolae_dithmenos_through_a_glass_darkly
D:5:      layout_layer_cave, serial_shops, shop, uniq_duvessa, uniq_eustachio
D:6:      layout_rooms, uniq_grinder
D:7:      layout_basic, minmay_temple_entry_fiery
D:8:      layout_loops_ring, kennysheep_slug_shrine,
          mainiacjoe_overflow_catch_the_wave, grunt_lair_entry_orc_guard_hut,
          nicolae_specific_store, serial_bayou_lagoon_a, lightli_minifort,
          uniq_erica
D:9:      layout_basic, mainiacjoe_overflow_catwalk, kennysheep_generic_room_2
D:10:     layout_stronghold, lemuel_zombie_altar_kikubaaqudgha,
          kennysheep_decorative_pillar, hellmonk_guarded_unrand_lears,
          uniq_snorg, uniq_psyche
Temple:   hellmonk_temple_divided_pantheon

Skill      XL: |  1  2  3  4  5  6  7  8  9 10 11 |
---------------+----------------------------------+-----
Dodging        | 2 3 4 5 6 7 |  7.6
Fighting       | 2 3 4 5 7 8 |  8.9
Shapeshifting  | 4 5 6 7 9 10 11 | 11.0
Unarmed Combat | 4 5 6 7 8 |  8.7

Action                     |  1- 3 |  4- 6 |  7- 9 | 10-12 || total
---------------------------+-------+-------+-------+-------++-------
  Melee: Unarmed           |   105 |   145 |   299 |   283 ||   832
         Tailslap          |     4 |    18 |    44 |    44 ||   110
         Punch             |     2 |     5 |     6 |     8 ||    21
         Maw               |       |       |       |    49 ||    49
  Throw: Dart              |       |       |     2 |     3 ||     5
Ability: Breathe Dispellin |       |       |     9 |     2 ||    11
         Lunge             |       |       |     2 |    15 ||    17
         Whirlwind         |       |       |       |     1 ||     1
         Wall Jump         |       |       |       |     1 ||     1
  Evoke: Wand              |       |       |       |    16 ||    16
    Use: Scroll            |       |     5 |     4 |     2 ||    11
         Potion            |       |     1 |     2 |     6 ||     9
   Stab: Sleeping          |       |     3 |       |       ||     3
 Armour: Skin              |    22 |    37 |    96 |   110 ||   265
  Dodge: Dodged            |    76 |    94 |   201 |   182 ||   553
  Block: Other             |    11 |    20 |    56 |    53 ||   140
         Reflection        |       |       |     1 |     2 ||     3
   Form: Flux              |       |       |     1 |       ||     1
         Maw               |       |       |       |     1 ||     1

Table legend: (Time is in decaauts)
 A = Elapsed time spent in this place.
 B = Non-inter-level travel time spent in this place.
 C = Inter-level travel time spent in this place.
 D = Time resting spent in this place.
 E = Time spent auto-exploring this place.
 F = Levels seen in this place.
 G = Mean time per level.
                   A        B        C        D        E       F      G
               +--------+--------+--------+--------+--------+-----+--------+
         Total |   9733 |   9069 |    664 |    919 |   6030 |  11 |  884.8 |
       Dungeon |   9700 |   9036 |    664 |    919 |   6030 |  10 |  970.0 |
        Temple |     32 |     32 |      0 |      0 |      0 |   1 |   32.0 |
               +--------+--------+--------+--------+--------+-----+--------+

Top non-repeatable levels by time:
     D:8: 1330 daAuts
     D:9: 1292 daAuts
     D:5: 1226 daAuts
     D:2: 1076 daAuts
     D:3: 946 daAuts
    D:10: 879 daAuts
     D:4: 806 daAuts
     D:6: 765 daAuts
     D:1: 716 daAuts
     D:7: 660 daAuts
  Temple: 32 daAuts
